 Dungeon Crawl Stone Soup version 0.32-a0-306-gfed3edf829 (webtiles) character file.

Game seed: 16724534343757123379

287 HC7 the Ruffian (level 6, 0/57 HPs)
             Began as a Troll Warper on Feb 14, 2024.
             Slain by Sigmund
             ... wielding a +1 scythe of venom
              (12 damage)
             ... on level 3 of the Dungeon.
             The game lasted 00:11:54 (1941 turns).

HC7 the Ruffian (Troll Warper)                      Turns: 1941, Time: 00:11:54

Health: 0/57       AC:  4    Str: 20    XL:     6   Next: 8%
Magic:  7/7        EV: 10    Int:  9    God:
Gold:   45         SH:  5    Dex: 11    Spells: 5/8 levels left

rFire   . .          .
                       - Unarmed
rCold   . . .        (no shield)
rNeg    . . .        b - +0 robe
rPois   .            (helmet restricted)
rElec   .            (no cloak)
rCorr   .            (gloves unavailable)
SInv    .            (boots unavailable)
Will    .....        g - amulet of reflection
Stlth   +            (no ring)
HPRegen 1.09/turn    (no ring)
MPRegen 0.10/turn

%: reflection
@: lethally poisoned (0 -> -7)
A: large, unfitting armour, claws 3, regeneration 1, shaggy fur 1, tough skin 1
a: no special abilities


You were on level 3 of the Dungeon.
You visited 1 branch of the dungeon, and saw 3 of its levels.

You collected 109 gold pieces.
You spent 64 gold pieces at shops.

Inventory:

Hand Weapons
 a - a +0 spear
 j - a +0 war axe
Missiles
 d - 7 darts of dispersal (quivered)
 f - 3 boomerangs
 i - 2 poisoned darts
Armour
 b - a +0 robe (worn)
Jewellery
 g - an amulet of reflection (around neck)
 l - a ring of protection from cold
Wands
 h - a wand of paralysis (7)
Scrolls
 c - a scroll of blinking
Potions
 e - a potion of cancellation
 k - a potion of curing


   Skills:
 + Level 2.3 Fighting
 + Level 2.0 Polearms
 + Level 0.8 Throwing
 + Level 2.7 Dodging
 + Level 0.4 Stealth
 + Level 1.5 Shields
 + Level 3.2 Unarmed Combat
 + Level 1.5 Spellcasting
 + Level 2.6 Translocations


You had 5 spell levels left.
You knew the following spells:

 Your Spells              Type           Power      Damage    Failure   Level
a - Magic Dart            Conj           0%         1d3       34%         1
b - Blink                 Tloc           10%        N/A       19%         2

Your spell library contained the following spells:

 Spells                   Type           Power      Damage    Failure   Level
 Lesser Beckoning         Tloc           10%        N/A       19%         2
 Teleport Other           Tloc           5%         N/A       34%         3
 Call Imp                 Summ           0%         N/A       47%         2
 Manifold Assault         Tloc           5%         N/A       75%         4
 Vhi's Electric Charge    Tloc/Air       6%         N/A       90%         4


Dungeon Overview and Level Annotations

Branches:
Dungeon (3/15)

Altars:
Trog
Beogh

Shops:
D:1 !   D:3 *

Annotations:
D:3 Sigmund


Innate Abilities, Weirdness & Mutations

You are too large for most types of armour.
You have claws for hands.
Your natural rate of healing is unusually fast.
You are covered in fur. (AC +1)
You have tough skin. (AC +1)


Message History

The orc hits you with a +0 short sword. You block the orc's attack.
You hear a distant slurping noise.
The orc hits you but does no damage. Something hits you!
You are poisoned.
You feel sick. The orc attacks as it pursues you!
The orc hits you but does no damage.
You feel sick. The orc attacks as it pursues you!
The orc hits you but does no damage.
An orc comes into view. It is wielding a +0 whip.
You feel sick.
The orc shouts!
You feel sick. The orc attacks as it pursues you!
The orc hits you with a +0 short sword.
You feel sick. The orc hits you but does no damage. Something hits you.
You are more poisoned.
You feel very sick. The orc attacks as it pursues you!
The orc hits you with a +0 short sword. As you open the door, it creaks loudly!
You feel very sick.
You hear some strange, mumbled words.
A puff of flame appears from out of thin air!
You block the puff of flame... and reflect it back!
The puff of flame hits something.
The orc completely misses you.
Found a large rock.
Found a faded altar of an unknown god.
You feel sick. The orc attacks as it pursues you! You block the orc's attack.
There is an open door here.
You feel sick. Something hits you!
You are more poisoned.
The orc attacks as it pursues you! The orc closely misses you.
There is a faded altar of an unknown god, spattered with blood here.
You see here a large rock.
There's a creature in the doorway!
You closely miss the orc.
You feel very sick. The orc hits you but does no damage.
You closely miss the orc.
You feel very sick. Something hits you!
You die...

#..###...#.....#
#...⌠...########
#.......#
##.....##
#.......##
#.........##
.......§§..#
....#≈#....###
....≈_≈...oo@#
....#§#§...###
.........§.#
......§§.##
#.......##
####+####


You could see 2 orcs.

Vanquished Creatures
  A scorpion (D:3)
  Jessica (D:3)
  Natasha (twice) (D:3)
  3 gnolls (D:2)
  3 adders (D:2)
  3 ribbon worms
  7 orcs (D:3)
  An endoplasm (D:1)
  A giant cockroach (D:1)
  4 goblins
  4 hobgoblins
  2 kobolds
  A quokka (D:1)
  8 ball pythons
  3 bats
  6 frilled lizards
  4 rats
54 creatures vanquished.

Notes
Turn   | Place    | Note
-------+----------+-------------------------------------------
     0 | D:1      | HC7 the Troll Warper began the quest for the Orb.
     0 | D:1      | Reached XP level 1. HP: 19/19 MP: 1/1
   194 | D:1      | Reached XP level 2. HP: 27/27 MP: 3/3
   355 | D:1      | Found Kyid Ybo's Distillery.
   679 | D:1      | Reached XP level 3. HP: 35/35 MP: 4/4
   886 | D:2      | Reached skill level 1 in Unarmed Combat
   973 | D:2      | Reached XP level 4. HP: 41/42 MP: 5/5
  1032 | D:2      | Reached skill level 1 in Shields
  1103 | D:2      | Learned a level 1 spell: Magic Dart
  1106 | D:2      | Learned a level 2 spell: Blink
  1622 | D:3      | Found Ofots's Assorted Antiques.
  1627 | D:3      | Bought a scroll labelled UMORAN ROR WUU for 32 gold pieces
  1627 | D:3      | Bought a scroll labelled TYQUOPRAMA for 32 gold pieces
  1708 | D:3      | Noticed Jessica
  1708 | D:3      | Noticed Natasha
  1711 | D:3      | Reached skill level 2 in Unarmed Combat
  1714 | D:3      | Reached XP level 5. HP: 49/49 MP: 6/6
  1720 | D:3      | Killed Natasha
  1744 | D:3      | Killed Jessica
  1760 | D:3      | Found a bloodstained altar of Trog.
  1765 | D:3      | Noticed Natasha
  1767 | D:3      | Reached skill level 3 in Unarmed Combat
  1773 | D:3      | Killed Natasha
  1774 | D:3      | Reached XP level 6. HP: 54/57 MP: 7/7
  1878 | D:3      | Noticed Sigmund
  1925 | D:3      | Found a roughly hewn altar of Beogh.
  1937 | D:3      | Found a faded altar of an unknown god.
  1941 | D:3      | Slain by Sigmund

Illustrated notes

Levels and vault maps discovered:
D:1:      psy_arrival_statuary, layout_loops_ring, serial_shops,
          nicolae_shop_industrial_runoff, chequers_arboretum,
          minmay_shallow_snake_nest
D:2:      layout_basic
D:3:      layout_loops_corners, bloody_trog, serial_shops,
          nicolae_shop_statue_plus, hellmonk_ecumenical_altar_defaced_shrine,
          kennysheep_cluttered_room, uniq_natasha, uniq_jessica, uniq_sigmund

Skill      XL: |  1  2  3  4  5 |
---------------+----------------+-----
Dodging        | 2 |  2.7
Polearms       | 2 |  2.0
Unarmed Combat | 1 2 3 |  3.2
Shields        | 1 |  1.5
Fighting       | 2 |  2.3
Throwing       | |  0.8
Stealth        | |  0.4
Spellcasting   | |  1.5
Translocations | |  2.6

Action                     |  1- 3 |  4- 6 || total
---------------------------+-------+-------++-------
  Melee: Spear             |    25 |       ||    25
         Unarmed           |    52 |   101 ||   153
    Use: Potion            |     3 |       ||     3
         Scroll            |     1 |     5 ||     6
   Stab: Sleeping          |     1 |       ||     1
         Held in net/web   |       |     1 ||     1
 Armour: Robe              |    41 |    64 ||   105
  Dodge: Dodged            |    26 |    47 ||    73
  Block: Other             |    21 |    23 ||    44
         Reflection        |       |     2 ||     2

Table legend: (Time is in decaauts)
 A = Elapsed time spent in this place.
 B = Non-inter-level travel time spent in this place.
 C = Inter-level travel time spent in this place.
 D = Time resting spent in this place.
 E = Time spent auto-exploring this place.
 F = Levels seen in this place.
 G = Mean time per level.
                   A        B        C        D        E       F      G
               +--------+--------+--------+--------+--------+-----+--------+
         Total |   1948 |   1825 |    123 |      0 |   1029 |   3 |  649.3 |
       Dungeon |   1948 |   1825 |    123 |      0 |   1029 |   3 |  649.3 |
               +--------+--------+--------+--------+--------+-----+--------+

Top non-repeatable levels by time:
     D:1: 798 daAuts
     D:2: 711 daAuts
     D:3: 439 daAuts
